 Dungeon Crawl Stone Soup version 0.25.0-46-gbd7b0854d2 (webtiles) character file.

Game seed: 9476668413084656175

5968 funkygono the Grappler (level 10, -2/91 HPs)
             Began as a Troll Fighter on July 14, 2020.
             Was a High Priest of Okawaru.
             Slain by a manticore (8 damage)
             ... on level 11 of the Dungeon.
             The game lasted 00:19:58 (6828 turns).

funkygono the Grappler (Troll Fighter)              Turns: 6828, Time: 00:19:58

Health: -2/91      AC: 10    Str: 28    XL:     10   Next: 55%
Magic:  9/9        EV: 11    Int:  5    God:    Okawaru [*****.]
Gold:   546        SH: 11    Dex:  9    Spells: 8/9 levels left

rFire    + . .     SeeInvis .     - Unarmed
rCold    + + .     Gourm    +   H - +1 kite shield "Xibbimof" {*Corrode rElec rPois rC+}
rNeg     . . .     Faith    .   I - +1 steam dragon scales
rPois    +         Spirit   .   (helmet restricted)
rElec    +         Reflect  .   m - scarf {rC+ rF+}
rCorr    .         Harm     .   (gloves unavailable)
MR       +....                  (boots unavailable)
Stlth    ..........             q - amulet of inaccuracy (curse)
HPRegen  0.65/turn              C - ring of attention (curse)
MPRegen  0.11/turn              D - ring of protection from magic

@: no status effects
A: large, unfitting armour, claws 3, fast metabolism 3, gourmand, regeneration
1, shaggy fur 1, tough skin 3
a: Heroism, Finesse, Renounce Religion


You were on level 11 of the Dungeon.
You worshipped Okawaru.
Okawaru was extremely pleased with you.
You were very full.

You visited 1 branch of the dungeon, and saw 10 of its levels.

You collected 546 gold pieces.

Inventory:

Missiles
 f - 261 stones
 o - 11 boomerangs
 w - 22 poisoned darts (quivered)
 x - 6 silver javelins
Armour
 b - a +2 kite shield
 k - a +0 cloak
 m - a scarf of resistance (worn)
 H - the +1 kite shield "Xibbimof" (worn) {*Corrode rElec rPois rC+}
   (You found it on level 10 of the Dungeon)

   It protects you from cold.
   It insulates you from electricity.
   It protects you from poison.
   It may corrode you when you take damage.
 I - +1 steam dragon scales (worn)
Magical Staves
 A - an uncursed staff of death {unknown}
Jewellery
 i - an uncursed ring of magical power
 j - an uncursed ring of ice
 l - an uncursed amulet of regeneration
 q - a cursed amulet of inaccuracy (around neck)
 v - an uncursed ring of poison resistance
 C - a cursed ring of attention (left claw)
 D - a ring of protection from magic (right claw)
Wands
 p - a wand of paralysis (9)
 t - a wand of clouds (3)
 z - a wand of acid (8)
 B - a wand of enslavement (9)
 E - a wand of iceblast (9)
Scrolls
 e - 3 scrolls of identify
 y - 3 scrolls of teleportation
Potions
 g - 2 potions of magic
 h - 3 potions of brilliance
 n - 2 potions of curing
 r - 2 potions of ambrosia
 s - a potion of cancellation
 u - a potion of resistance
 G - a potion of invisibility
Comestibles
 d - 17 rations


   Skills:
 + Level 3.6 Fighting
 + Level 4.4 Throwing
 + Level 5.9 Dodging
 + Level 6.7 Shields
 + Level 11.0 Unarmed Combat
 + Level 0.2 Necromancy
 + Level 0.1 Invocations


You had 8 spell levels left.
You knew the following spells:

 Your Spells              Type           Power        Failure   Level  Hunger
a - Animate Skeleton      Necr           N/A          63%         1    ##.....

Your spell library contained the following spells:

 Spells                   Type           Power        Failure   Level  Hunger
 Pain                     Necr           #...         63%         1    ##.....
 Apportation              Tloc           #.....       65%         1    ##.....
 Corona                   Hex            #......      65%         1    ##.....
 Magic Dart               Conj           #...         65%         1    ##.....
 Shock                    Conj/Air       #...         65%         1    ##.....
 Summon Small Mammal      Summ           #...         65%         1    ##.....
 Searing Ray              Conj           #.....       78%         2    ###....
 Swiftness                Chrm/Air       #.......     78%         2    ###....
 Vampiric Draining        Necr           #.........   94%         3    ####...
 Dazzling Flash           Conj/Hex       #.....       95%         3    ####...
 Static Discharge         Conj/Air       #.......     95%         3    ####...
 Airstrike                Air            #.........   100%        4    #####..
 Animate Dead             Necr           N/A          100%        4    #####..
 Fulminant Prism          Conj/Hex       #.........   100%        4    #####..
 Iskenderun's Mystic Bla  Conj/Tloc      #.......     100%        4    #####..
 Agony                    Necr           #.......     100%        5    ######.
 Lightning Bolt           Conj/Air       #.........   100%        5    ######.


Dungeon Overview and Level Annotations

Branches:
Dungeon (11/15)            Temple (0/1) D:4             Orc (0/2) D:10
   Lair: D:8-11

Altars:
Ashenzari
Dithmenos
Kikubaaqudgha
Makhleb
Nemelex Xobeh
Okawaru
Sif Muna
Wu Jian
Yredelemnul
Zin

Shops:
D:6 [   D:10 [


Innate Abilities, Weirdness & Mutations

You are too large for most types of armour.
You have claws for hands.
Your metabolism is lightning-fast.
You like to eat raw meat.
Your natural rate of healing is unusually fast.
You are covered in fur. (AC +1)
You have extremely tough skin. (AC +3)


Message History

The manticore is moderately wounded.
The manticore bites you! The manticore claws you! The manticore claws you.
You completely miss the manticore.
The manticore is moderately wounded.
The manticore bites you! You block the manticore's attack. x2
You barely miss the manticore.
The manticore is moderately wounded.
The manticore barely misses you. The manticore completely misses you.
The manticore claws you.
You claw the manticore!
The manticore is heavily wounded.
The manticore bites you!
* * * LOW HITPOINT WARNING * * *
The manticore claws you!
* * * LOW HITPOINT WARNING * * *
The manticore closely misses you.
You feel better. The manticore closely misses you. The manticore claws you.
* * * LOW HITPOINT WARNING * * *
The manticore claws you!
You die...

#.# #.#
... .#
#.##.#
#.##.# #
#.##.# #.
#H##.#
#.##@##.#
#.......#
#.......#
#.##.##.#
#. #.##.#
# #.<#.#
##.#.#
#.#.#
....#


You could see a manticore.

Vanquished Creatures
  A two-headed ogre (D:10)
  Pikel (D:7)
  An ugly thing (D:7)
  Sigmund (D:3)
  A yak (D:10)
  4 hogs (D:7)
  A human (D:7)
  A steam dragon (D:10)
  A hungry ghost (D:7)
  A soldier ant (D:10)
  2 phantoms
  5 orc warriors
  4 slaves (D:7)
  A sky beast (D:10)
  2 ice beasts
  3 ogres
  3 centaurs
  A bullfrog (D:7)
  3 scorpions
  8 wights
  A howler monkey (D:7)
  A centaur zombie (D:6)
  2 crimson imps
  A bullfrog zombie (D:5)
  5 hounds
  An orc priest (D:10)
  3 orc wizards
  3 iguanas
  7 worker ants
  A hound zombie (D:10)
  A worker ant zombie (D:5)
  A howler monkey zombie (D:6)
  10 gnolls
  A howler monkey skeleton (D:4)
  12 adders
  3 oozes
  An adder zombie (D:6)
  A worm (D:4)
  6 leopard geckos
  20 orcs
  A ball python (D:2)
  7 bats
  3 bat zombies (D:4)
  4 giant cockroaches
  6 goblins
  6 hobgoblins
  14 jackals
  9 kobolds
  3 quokkas
  3 frilled lizards
  6 rats
  A rat zombie (D:4)
  A bush (D:5)
190 creatures vanquished.

Vanquished Creatures (collateral kills)
  A hungry ghost (D:7)
1 creature vanquished.

Grand Total: 191 creatures vanquished

Notes
Turn   | Place    | Note
-------+----------+-------------------------------------------
     0 | D:1      | funkygono the Troll Fighter began the quest for the Orb.
     0 | D:1      | Reached XP level 1. HP: 22/22 MP: 0/0
   122 | D:1      | Reached XP level 2. HP: 29/29 MP: 1/1
   595 | D:2      | Reached XP level 3. HP: 36/36 MP: 2/2
   819 | D:2      | Found a shadowy altar of Dithmenos.
   872 | D:2      | Found a faded altar of an unknown god.
  1340 | D:3      | Noticed Sigmund
  1387 | D:3      | Reached XP level 4. HP: 42/44 MP: 3/3
  1392 | D:3      | Killed Sigmund
  1392 | D:3      | Reached skill level 1 in Throwing
  1392 | D:3      | Reached skill level 3 in Unarmed Combat
  1392 | D:3      | Reached XP level 5. HP: 41/52 MP: 4/4
  1495 | D:3      | Found a shattered altar of Ashenzari.
  1554 | D:3      | Reached XP level 6. HP: 59/59 MP: 5/5
  1575 | D:3      | Found an iron altar of Okawaru.
  2066 | D:3      | Became a worshipper of Warmaster Okawaru
  2264 | D:4      | Found an ancient bone altar of Kikubaaqudgha.
  2353 | D:4      | Reached skill level 4 in Unarmed Combat
  2438 | D:4      | Found a staircase to the Ecumenical Temple.
  2517 | D:4      | Noticed a balrug
  2518 | D:4      | Found a burning altar of Makhleb.
  2523 | D:4      | Found a glowing silver altar of Zin.
  2523 | D:4      | Noticed an angel
  2605 | D:5      | Entered Level 5 of the Dungeon
  2755 | D:5      | Found an ornate altar of the Wu Jian Council.
  2807 | D:5      | Reached XP level 7. HP: 45/67 MP: 6/6
  2889 | D:5      | Reached skill level 5 in Unarmed Combat
  2912 | D:5      | Found a shimmering blue altar of Sif Muna.
  2950 | D:5      | Reached * piety under Okawaru
  3300 | D:5      | Reached skill level 6 in Unarmed Combat
  3580 | D:6      | Reached ** piety under Okawaru
  3580 | D:6      | Reached XP level 8. HP: 52/75 MP: 7/7
  3668 | D:6      | Reached skill level 5 in Shields
  3713 | D:6      | Reached skill level 7 in Unarmed Combat
  3888 | D:6      | Found a basalt altar of Yredelemnul.
  3933 | D:6      | Reached skill level 8 in Unarmed Combat
  3982 | D:6      | Found Weix's Antique Armour Boutique.
  4451 | D:7      | Learned a level 1 spell: Animate Skeleton
  4507 | D:7      | Reached *** piety under Okawaru
  4512 | D:7      | Reached XP level 9. HP: 53/81 MP: 8/8
  4643 | D:7      | Reached skill level 9 in Unarmed Combat
  4716 | D:7      | Noticed Pikel
  4772 | D:7      | Killed Pikel
  4990 | D:7      | Reached skill level 5 in Dodging
  5519 | D:7      | Reached **** piety under Okawaru
  5525 | D:7      | Reached skill level 10 in Unarmed Combat
  5778 | D:7      | Noticed a purple ugly thing
  5796 | D:7      | Killed a purple ugly thing
  5796 | D:7      | Reached XP level 10. HP: 8/91 MP: 9/9
  6016 | D:8      | Reached ***** piety under Okawaru
  6055 | D:8      | Found a sparkling altar of Nemelex Xobeh.
  6056 | D:8      | Noticed a five-headed hydra
  6063 | D:8      | You fall into a shaft and drop 2 floors!
  6063 | D:10     | Entered Level 10 of the Dungeon
  6119 | D:10     | Noticed a two-headed ogre
  6129 | D:10     | Killed a two-headed ogre
  6346 | D:10     | Got a translucent kite shield
  6357 | D:10     | Identified the +1 kite shield "Xibbimof" {*Corrode rElec
                  | rPois rC+} (You found it on level 10 of the Dungeon)
  6365 | D:10     | Found a staircase to the Orcish Mines.
  6558 | D:10     | Found Hanuxt's Armour Boutique.
  6569 | D:10     | Reached skill level 11 in Unarmed Combat
  6815 | D:11     | Noticed a manticore
  6827 | D:11     | HP: 3/91 [manticore (11)]
  6828 | D:11     | Slain by a manticore

Illustrated notes

Levels and vault maps discovered:
D:1:      eino_arrival_water_cross, layout_rooms
D:2:      layout_loops_ring, overflow_temple_1_default,
          chequers_ecumenical_altar_island, minmay_misc_feat_hallway
D:3:      layout_loops_ring, lemuel_crystal_altar, first_ration,
          nicolae_ashenzari_panopticon, uniq_sigmund
D:4:      layout_cave_pools, grunt_temple_overflow_order_and_chaos_2,
          lemuel_zombie_altar_kikubaaqudgha, minmay_temple_entry_fiery
D:5:      layout_basic, overflow_temple_1_default, lemuel_doored_altar,
          serial_glass, glass_columns_a, glass_columns_c, due_unseen_surprise,
          kb_lookout_dungeons_type
D:6:      layout_basic, lemuel_round_altar, serial_shops, shop
D:7:      layout_layer_cave, grunt_livestock, skrybe_limestone_x, uniq_pikel
D:8:      hangedman_cross_stitches, layout_cave_pools,
          nicolae_overflow_hidden_temple, gammafunk_temple_overflow_arena,
          lair_entry_dummy, uniq_erica
D:10:     layout_cave_pools, orc_0_dummy, serial_shops, shop, minmay_between
D:11:     layout_loops_cross, basic_altar, serial_bayou_crossing, uniq_sonja

Skill      XL: |  1  2  3  4  5  6  7  8  9 10 |
---------------+-------------------------------+-----
Shields        | 3 4 5 6 |  6.7
Throwing       | 1 2 4 |  4.4
Dodging        | 3 4 5 |  5.9
Unarmed Combat | 3 4 6 8 10 11 | 11.0
Fighting       | 3 |  3.6
Necromancy     | |  0.2
Invocations    | |  0.1

Action                   |  1- 3 |  4- 6 |  7- 9 | 10-12 || total
-------------------------+-------+-------+-------+-------++-------
Melee: Unarmed           |   110 |   129 |   338 |    94 ||   671
Throw: Stone             |     8 |       |     6 |       ||    14
       Boomerang         |    11 |       |     6 |       ||    17
       Dart              |       |       |    16 |       ||    16
       Javelin           |       |       |    29 |       ||    29
 Cast: Animate Skeleton  |       |       |     1 |       ||     1
Invok: Heroism           |       |       |     1 |     1 ||     2
Evoke: Wand              |       |       |     1 |       ||     1
  Use: Scroll            |     5 |     8 |     4 |     5 ||    22
       Potion            |     2 |       |     2 |     1 ||     5
 Stab: Sleeping          |       |       |     1 |       ||     1
  Eat: Chunk             |    18 |    13 |    37 |     9 ||    77
Armor: Robe              |    33 |    23 |    46 |    12 ||   114
       Steam dragon scal |       |       |       |     6 ||     6
Dodge: Dodged            |    29 |    39 |    92 |    29 ||   189
Block: Kite shield       |    66 |    56 |   150 |    50 ||   322
